 Dungeon Crawl Stone Soup version 0.18.1-6-gd335043 (webtiles) character file.

1727 M4edhros the Martial Artist (level 9, -1/51 HPs)
             Began as an Octopode Necromancer on May 17, 2016.
             Shot with an arrow by a centaur (8 damage)
             ... on level 7 of the Dungeon on May 18, 2016.
             The game lasted 00:28:07 (3371 turns).

M4edhros the Martial Artist (Octopode Necromancer)  Turns: 3371, Time: 00:28:08

Health: -1/51      AC:  1    Str:  7 (8)  XL:     9   Next: 5%
Magic:  11/12      EV:  7    Int: 16 (17) God:
Gold:   226        SH:  0    Dex: 15      Spells: 3 memorised, 7 levels left

rFire  . . .     SeeInvis +     p - +1 spear (venom)
rCold  + . .     Gourm    .     (no shield)
rNeg   . . .     Faith    .     (helmet restricted)
rPois  .         Spirit   .     (no amulet)
rElec  .         Dismiss  .     d - ring of see invisible
rCorr  .         Reflect  .     i - ring of protection from cold
SustAt .         Harm     .     (no ring)
MR     .....                    (no ring)
Stlth  +++.......               (no ring)
                                (no ring)
                                (no ring)
                                (no ring)

@: not resistant to hostile enchantments, fairly stealthy
A: almost no armour, amphibious, 8 rings, constrict 8, camouflage 1, mutation
resistance 1, gelatinous body 1
a: no special abilities


You were on level 7 of the Dungeon.
You were not hungry.

You visited 1 branch of the dungeon, and saw 8 of its levels.

You collected 226 gold pieces.

Inventory:

Hand Weapons
 k - a -2 quarterstaff
 l - a +1 flail of protection
 p - a +1 spear of venom (weapon)
Armour
 c - a +0 shield
 n - a +1 shield
Jewellery
 d - a ring of see invisible (left tentacle)
 i - a ring of protection from cold (right tentacle)
Scrolls
 b - a scroll of remove curse
 e - a scroll of enchant weapon {unknown}
 m - a scroll of torment {unknown}
 o - a scroll of teleportation
 r - a scroll of random uselessness
 s - 3 scrolls of fog
 t - a scroll of amnesia
 v - a scroll of identify
Potions
 f - 2 potions of invisibility
 q - 3 potions of flight
Books
 a - a book of Necromancy

   Spells                             Type                      Level
   a - Pain                           Necromancy                   1
   b - Animate Skeleton               Necromancy                   1
   c - Vampiric Draining              Necromancy                   3
   d - Regeneration                   Charms/Necromancy            3
   e - Animate Dead                   Necromancy                   4
   f - Control Undead                 Necromancy                   4
 u - a Necronomicon

   Spells                             Type                      Level
   a - Haunt                          Necromancy/Summoning         7
   b - Borgnjor's Revivification      Necromancy                   8
   c - Death's Door                   Charms/Necromancy            8
   d - Necromutation                  Transmutation/Necromancy     8
Comestibles
 j - a fruit


   Skills:
 + Level 0.0 Fighting
 * Level 2.0 Dodging
 - Level 2.6 Stealth
 - Level 11.1 Unarmed Combat
 - Level 2.0 Spellcasting
 - Level 4.0 Necromancy


You had 7 spell levels left.
You knew the following spells:

 Your Spells              Type           Power        Failure   Level  Hunger
a - Pain                  Necr           ##..         4%          1    #......
b - Animate Skeleton      Necr           N/A          4%          1    #......
r - Regeneration          Chrm/Necr      #.........   28%         3    ###....


Dungeon Overview and Level Annotations

Branches:
Dungeon (8/15)
 Temple: D:4-7         Lair: D:8-11

Altars:
Ashenzari

Shops:
D:4 %

Annotations:
D:2 Robin
D:4 Yehuk's ghost, novice GrFi


Innate Abilities, Weirdness & Mutations

You cannot wear most types of armour.
You are amphibious.
You can wear up to eight rings at the same time.
You can use your tentacles to constrict eight enemies at once.
Your skin changes colour to match your surroundings (Stealth).
Your rubbery body absorbs attacks (AC +1).
You are somewhat resistant to further mutation.


Message History

Okay, then.
Cast which spell? (? or * to list)
Aiming: Pain
Press: ? - help, Shift-Dir - straight line, f - water moccasin
Aim: a water moccasin (chance to defeat MR: 72%)
The water moccasin convulses in agony!
HP restored.
You climb upwards.
A worker ant, a scorpion, a centaur and a howler monkey come into view.
Found four items.
Found an escape hatch in the ceiling.
There is a stone staircase leading down here.
The centaur shouts!
The centaur wields a shortbow.
The centaur shoots an arrow.
The arrow hits you!
You see here an arrow.
The centaur shoots an arrow.
The arrow hits you!
There is an escape hatch in the ceiling here.
The centaur shoots an arrow.
The arrow hits you!
* * * LOW HITPOINT WARNING * * *
The centaur shoots an arrow.
The arrow hits you!
You die...

##. ..#..
.
#.#.######
#$#...c..#
?.....[.#
#.sa....#
#.......#
#.>.....#
##.(.####
#..@#
#####


You could see a centaur, a scorpion and a worker ant.

Vanquished Creatures
  A wolf spider (shapeshifter) (D:5)
  The ghost of Statics the Covert, a novice OpTm of Cheibriados (D:6)
  A hungry ghost (D:5)
  2 sky beasts
  A centaur (D:6)
  2 ogres
  A howler monkey (D:5)
  A crimson imp (D:5)
  An orc priest (D:3)
  2 hounds
  A jelly (D:4)
  A centaur skeleton (D:4)
  A gnoll shaman (D:6)
  An iguana (D:7)
  An orc wizard (D:4)
  3 worker ants (D:4)
  6 gnolls
  A howler monkey skeleton (D:4)
  4 adders
  2 shadow imps
  An adder zombie (D:5)
  3 worms
  A dart slug (D:5)
  4 giant geckos
  7 orcs
  4 giant cockroaches
  4 goblins
  6 hobgoblins
  2 quokkas
  A ball python (D:1)
  A ball python skeleton (D:3)
  4 bats
  4 giant newts
  A kobold (D:2)
  A butterfly (D:2)
78 creatures vanquished.

Vanquished Creatures (collateral kills)
  A jelly (D:5)
  A hound (D:5)
  An orc (D:4)
3 creatures vanquished.

Grand Total: 81 creatures vanquished

Notes
Turn   | Place    | Note
--------------------------------------------------------------
     0 | D:1      | M4edhros the Octopode Necromancer began the quest for the Orb.
     0 | D:1      | Reached XP level 1. HP: 11/11 MP: 3/3
    33 | D:1      | Reached skill level 1 in Unarmed Combat
   163 | D:2      | Reached skill level 2 in Unarmed Combat
   163 | D:2      | Reached XP level 2. HP: 10/17 MP: 0/5
   350 | D:2      | Reached XP level 3. HP: 3/21 MP: 0/6
   362 | D:2      | Learned a level 1 spell: Animate Skeleton
   366 | D:2      | Learned a level 3 spell: Regeneration
   606 | D:2      | Reached skill level 3 in Unarmed Combat
   612 | D:2      | Noticed Robin
   752 | D:4      | Reached XP level 4. HP: 25/27 MP: 3/7
   809 | D:4      | Reached skill level 4 in Unarmed Combat
   816 | D:4      | Found a shattered altar of Ashenzari.
   822 | D:4      | Noticed Yehuk's ghost (novice GrFi)
   921 | D:3      | Reached XP level 5. HP: 10/31 MP: 8/8
   981 | D:4      | Found Gexzuude's Food Emporium.
  1036 | D:4      | Reached skill level 5 in Unarmed Combat
  1094 | D:4      | Reached XP level 6. HP: 7/36 MP: 9/9
  1307 | D:4      | Reached skill level 6 in Unarmed Combat
  1364 | D:5      | Entered Level 5 of the Dungeon
  1681 | D:5      | Noticed a wind drake
  1681 | D:5      | Noticed a hungry ghost
  1721 | D:5      | Noticed a ghost crab
  1721 | D:5      | a wind drake changed into a ghost crab
  1722 | D:5      | Killed a hungry ghost
  1722 | D:5      | Reached skill level 7 in Unarmed Combat
  1722 | D:5      | Reached XP level 7. HP: 41/41 MP: 10/10
  1724 | D:5      | Noticed a wolf spider
  1724 | D:5      | a ghost crab changed into a wolf spider
  1734 | D:5      | Killed a wolf spider
  1734 | D:5      | Reached skill level 9 in Unarmed Combat
  1734 | D:5      | Reached XP level 8. HP: 40/46 MP: 11/11
  1748 | D:5      | Gained mutation: You are somewhat resistant to further mutation. [mutagenic meat]
  2131 | D:6      | Reached skill level 10 in Unarmed Combat
  2221 | D:6      | Noticed Statics's ghost (novice OpTm)
  2258 | D:6      | Killed Statics's ghost
  3222 | D:7      | Reached skill level 11 in Unarmed Combat
  3222 | D:7      | Reached XP level 9. HP: 16/51 MP: 2/12
  3272 | D:6      | its lol. wasted around 1k turns for 2 sky beasts, caus they had so much luck hitting me and me missing them
  3371 | D:7      | Shot with an arrow by a centaur

Skill      XL: |  1  2  3  4  5  6  7  8 |
---------------+-------------------------+-----
Unarmed Combat | 2 3 4 5 7 9 11 | 11.1
Dodging        | |  2.0
Stealth        | |  2.6
Spellcasting   | |  2.0
Necromancy     | |  4.0

Action                   |  1- 3 |  4- 6 |  7- 9 || total
-------------------------+-------+-------+-------++-------
Melee: Unarmed           |    14 |    22 |    94 ||   130
       Constrict         |     6 |    21 |    10 ||    37
       Tentacles         |     3 |     8 |     7 ||    18
       Spear             |       |    47 |     8 ||    55
       Punch             |       |     5 |     4 ||     9
       Quarterstaff      |       |    36 |       ||    36
 Cast: Pain              |    39 |    15 |    11 ||    65
       Regeneration      |     2 |    17 |    32 ||    51
       Animate Skeleton  |     1 |     7 |     6 ||    14
  Use: Scroll            |     2 |     7 |     3 ||    12
       Potion            |       |     1 |     4 ||     5
 Stab: Sleeping          |     1 |     6 |     2 ||     9
       Distracted        |     1 |       |     1 ||     2
  Eat: Chunk             |     1 |     7 |     9 ||    17
       Bread ration      |       |     2 |     1 ||     3
       Pizza             |       |     1 |     1 ||     2
       Fruit             |       |       |     2 ||     2
       Beef jerky        |       |       |     1 ||     1
Armor: Skin              |     2 |    36 |    15 ||    53
Dodge: Dodged            |     8 |    57 |    60 ||   125
